 Dungeon Sprint DCSS version 0.28-a0-1510-gd0f6b136d3 (webtiles) character file.

Game seed: 12455981633196805102

781 mhtbhm the Protected (level 7, -11/69 (73) HPs)
             Began as a Minotaur Fighter on Jan 15, 2022.
             Was an Elder of Qazlal.
             Killed from afar by an eidolon (28 damage)
             ... with a bolt of negative energy
             ... in the Dungeon (Sprint VII: "The Pits").
             The game lasted 00:01:34 (567 turns).

mhtbhm the Protected (Minotaur Fighter)              Turns: 567, Time: 00:01:34

HP:   -11/69 (73)   AC: 15    Str: 21 (22) XL:     7   Next: 55%
MP:   3/6           EV:  8    Int:  4 (5)  God:    Qazlal [****..]
Gold: 0             SH: 11    Dex:  8 (10) Spells: 6/6 levels left

rFire   . . .      SeeInvis .   a - +2 hand axe
rCold   . . .      Faith    .   c - +0 buckler
rNeg    . . .      Spirit   .   b - +3 chain mail
rPois   .          Reflect  .   (helmet restricted)
rElec   .          Harm     .   (no cloak)
rCorr   .          Rampage  .   (no gloves)
Will    .....      NoTele   +   (no boots)
Stlth   ..........              (no amulet)
HPRegen 0.21/turn               (no ring)
MPRegen 0.10/turn               (no ring)

@: mighty, afraid, hasted and slowed, drained, repel missiles
A: horns 2, retaliatory headbutt
a: Renounce Religion, Upheaval, Elemental Force


You were in the Dungeon.
You worshipped Qazlal.
Qazlal was greatly pleased with you.
You visited 1 branch

Inventory:

Hand Weapons
 a - a +2 hand axe (weapon)
Armour
 b - a +3 chain mail (worn)
 c - a +0 buckler (worn)
Scrolls
 j - a scroll of blinking
 l - 5 scrolls of amnesia
 m - a scroll of summoning
Potions
 e - 6 potions of curing
 h - 4 potions of magic
 i - 3 potions of berserk rage
 k - 2 potions of invisibility


   Skills:
 + Level 10.7 Fighting
 + Level 9.4 Axes
 + Level 11.2 Armour
 + Level 2.7 Dodging
 + Level 10.3 Shields
 + Level 0.7 Invocations


You had 6 spell levels left.
You didn't know any spells.
Your spell library was empty.

Dungeon Overview and Level Annotations

Branches:
Dungeon (1/1)

Altars:
Ashenzari
Cheibriados
Dithmenos
Elyvilon
Fedhas
Gozag
Hepliaklqana
Kikubaaqudgha
Makhleb
Nemelex Xobeh
Okawaru
Qazlal
Ru
Sif Muna
Trog
Uskayaw
Vehumet
Wu Jian
Xom
Yredelemnul
Zin
The Shining One
Beogh
Jiyva
Lugonu


Innate Abilities, Weirdness & Mutations

You have a pair of horns on your head.
You reflexively headbutt those who attack you in melee.


Message History

* * * LOW HITPOINT WARNING * * *
You feel clumsy.
You attempt to attack the eidolon, but flinch away in fear!
You block the eidolon's attack.
The eidolon hits you but does no damage.
Unknown command.
You feel much better.
Your fear fades away.
The eidolon hits you. The eidolon drains your vigour!
You feel as though you will be slow longer.
You block the eidolon's attack.
The eidolon gestures.
The eidolon radiates an aura of fear!
You are terrified of the eidolon!
Aiming: Upheaval
Press: ? - help, Dir - move target The ground shakes violently, spewing rubble!
You block the eidolon's attack.
The eidolon hits you but does no damage.
Unknown command.
Unknown command.
You aren't carrying any items that you can evoke.
Unknown command.
You feel much better. The eidolon hits you!
The eidolon hits you but does no damage.
The eidolon hits you!
* * * LOW HITPOINT WARNING * * *
The eidolon drains your vigour!
You feel as though you will be slow longer.
The eidolon hits you but does no damage.
You feel yourself speed up. The eidolon stares piercingly at you.
The bolt of negative energy misses you.
You attempt to attack the eidolon, but flinch away in fear!
You block the eidolon's attack. x2
You slash the eidolon!
The eidolon is almost destroyed.
The eidolon stares piercingly at you. The bolt of negative energy hits you!!
You feel drained.
You die...

#.#........##.......#
#'###########.......#
#...))†.# #########
#.###)).# #.#.....#
#.#...#.#+#
#.....#.#.+
#...###.#W#
#.......)@#
###########


You could see an eidolon (scary).

Vanquished Creatures
  A fire bat (D)
  2 floating eyes (D)
  A sky beast (D)
  A centaur (D)
  A kobold brigand (D)
  3 wights (D)
  An iguana (D)
  A gnoll (D)
  3 adders (D)
  A ball python (D)
  A giant cockroach (D)
  A hobgoblin (D)
  A bat (D)
  A frilled lizard (D)
19 creatures vanquished.

Notes
Turn   | Place    | Note
-------+----------+-------------------------------------------
     0 | D        | mhtbhm the Minotaur Fighter began the quest for the Orb.
     0 | D        | Reached XP level 1. HP: 19/19 MP: 0/0
    15 | D        | Reached skill level 4 in Armour
    15 | D        | Reached XP level 2. HP: 26/28 MP: 1/1
    19 | D        | Found a bloodstained altar of Trog.
    19 | D        | Found a shimmering blue altar of Sif Muna.
    19 | D        | Found a viscous altar of Jiyva.
    19 | D        | Found a hazy altar of Hepliaklqana.
    19 | D        | Found an opulent altar of Gozag.
    20 | D        | Found a glowing golden altar of the Shining One.
    20 | D        | Found a glowing silver altar of Zin.
    20 | D        | Found a basalt altar of Yredelemnul.
    20 | D        | Found a shimmering altar of Xom.
    20 | D        | Found an ornate altar of the Wu Jian Council.
    20 | D        | Found a sacrificial altar of Ru.
    20 | D        | Found a stormy altar of Qazlal.
    20 | D        | Found an iron altar of Okawaru.
    20 | D        | Found a sparkling altar of Nemelex Xobeh.
    20 | D        | Found a burning altar of Makhleb.
    20 | D        | Found a blossoming altar of Fedhas.
    20 | D        | Found a white marble altar of Elyvilon.
    20 | D        | Found a shadowy altar of Dithmenos.
    20 | D        | Found a snail-covered altar of Cheibriados.
    22 | D        | Found a radiant altar of Vehumet.
    22 | D        | Found a corrupted altar of Lugonu.
    23 | D        | Found a hide-covered altar of Uskayaw.
    23 | D        | Found an ancient bone altar of Kikubaaqudgha.
    23 | D        | Found a broken altar of Ashenzari.
    27 | D        | Became a worshipper of Qazlal Stormbringer
    72 | D        | Noticed a floating eye
    73 | D        | Reached * piety under Qazlal
    74 | D        | Reached skill level 5 in Fighting
    74 | D        | Reached skill level 5 in Armour
    76 | D        | Killed a floating eye
    77 | D        | Reached skill level 7 in Armour
    77 | D        | Reached XP level 3. HP: 39/39 MP: 2/2
    77 | D        | Reached XP level 4. HP: 47/47 MP: 3/3
    77 | D        | Noticed a floating eye
    79 | D        | Killed a floating eye
    80 | D        | Reached skill level 5 in Axes
    80 | D        | Reached skill level 8 in Armour
    80 | D        | Reached XP level 5. HP: 56/56 MP: 4/4
    95 | D        | Reached ** piety under Qazlal
   108 | D        | Reached skill level 9 in Armour
   304 | D        | Noticed a sky beast
   309 | D        | Noticed a centaur
   315 | D        | Killed a sky beast
   315 | D        | Reached *** piety under Qazlal
   316 | D        | Reached XP level 6. HP: 48/64 MP: 5/5
   330 | D        | Reached skill level 10 in Fighting
   330 | D        | Reached skill level 10 in Armour
   330 | D        | Reached skill level 1 in Dodging
   341 | D        | Reached XP level 7. HP: 32/72 MP: 2/6
   342 | D        | Reached **** piety under Qazlal
   343 | D        | Noticed a fire bat
   351 | D        | Killed a fire bat
   352 | D        | Reached skill level 11 in Armour
   352 | D        | Reached skill level 10 in Shields
   535 | D        | Noticed an eidolon
   567 | D        | Killed from afar by an eidolon

Illustrated notes

Levels and vault maps discovered:
D:        pitsprint [storerooms_1, entrance_room_1, metal_vault_1, armoury_1,
          mini_pit_1, grid_room_1, main_hall_1, silver_pit, the_coven_3,
          the_vestibule_1, steel_vault_1, golden_pit, hallway_of_sentries,
          crystal_vault_3, iron_vault_1, final_vault]

Skill      XL: |  1  2  3  4  5  6  7 |
---------------+----------------------+-----
Fighting       | 4 7 8 9 10 | 10.7
Armour         | 4 7 8 9 10 11 | 11.2
Shields        | 4 6 8 9 10 | 10.3
Axes           | 4 5 7 8 9 |  9.4
Dodging        | 1 2 |  2.7
Invocations    | |  0.7

Action                   |  1- 3 |  4- 6 |  7- 9 || total
-------------------------+-------+-------+-------++-------
Melee: War axe           |     2 |       |       ||     2
       Hand axe          |     6 |    44 |    34 ||    84
       Headbutt          |     1 |     7 |     7 ||    15
Invok: Upheaval          |       |     1 |     1 ||     2
  Use: Potion            |       |     2 |     6 ||     8
Armor: Scale mail        |     3 |     5 |       ||     8
       Chain mail        |       |    32 |    27 ||    59
Dodge: Dodged            |     2 |    24 |    15 ||    41
Block: Buckler           |       |    32 |    26 ||    58

Table legend: (Time is in decaauts)
 A = Elapsed time spent in this place.
 B = Non-inter-level travel time spent in this place.
 C = Inter-level travel time spent in this place.
 D = Time resting spent in this place.
 E = Time spent auto-exploring this place.
 F = Levels seen in this place.
 G = Mean time per level.
                   A        B        C        D        E       F      G
               +--------+--------+--------+--------+--------+-----+--------+
         Total |    576 |    576 |      0 |    281 |      0 |   1 |  576.0 |
       Dungeon |    576 |    576 |      0 |    281 |      0 |   1 |  576.0 |
               +--------+--------+--------+--------+--------+-----+--------+

Top non-repeatable levels by time:
       D: 576 daAuts
